 Dungeon Crawl Stone Soup version 0.30-a0-900-g23479c02f2 (webtiles) character file.

Game seed: 16876880914198631109

17 timneilson the Covered (level 2, 0/19 HPs)
             Began as a Gargoyle Fighter on Mar 18, 2023.
             Slain by a quokka (3 damage)
             ... on level 2 of the Dungeon.
             The game lasted 00:01:00 (562 turns).

timneilson the Covered (Gargoyle Fighter)            Turns: 562, Time: 00:01:01

Health: 0/19       AC: 10    Str: 19    XL:     2   Next: 62%
Magic:  2/2        EV:  9    Int:  8    God:
Gold:   78         SH:  4    Dex:  9    Spells: 1/1 levels left

rFire   . . .      SeeInvis .    a - +0 long sword
rCold   . . .      Faith    .    c - +0 buckler
rNeg    + . .      Spirit   .    b - +0 scale mail
rPois   ∞          Reflect  .    (no helmet)
rElec   +          Rampage  .    i - +0 cloak
rCorr   .                        (no gloves)
Will    .....                    (no boots) Stlth
                                 (no amulet)
HPRegen 0.23/turn                (no ring)
MPRegen 0.08/turn                (no ring)

@: no status effects
A: sickness immunity, AC +2, negative energy resistance 1, electricity
resistance, torment resistance 1, petrification resistance
a: no special abilities


You were on level 2 of the Dungeon.
You visited 1 branch of the dungeon, and saw 2 of its levels.

You collected 78 gold pieces.

Inventory:

Hand Weapons
 a - a +0 long sword (weapon)
Armour
 b - a +0 scale mail (worn)
 c - a +0 buckler (worn)
 i - a +0 cloak (worn)
Scrolls
 f - a scroll of identify
 g - a scroll of teleportation
 j - a scroll of noise {unknown}
Potions
 d - a potion of might
 e - a potion of degeneration {unknown}
 h - a potion of attraction {unknown}
 n - 2 potions of heal wounds


   Skills:
 + Level 3.4 Fighting
 * Level 2.1 Long Blades
 * Level 3.5 Armour
 + Level 0.2 Dodging
 * Level 3.5 Shields


You had one spell level left.
You didn't know any spells.
Your spell library was empty.

Dungeon Overview and Level Annotations

Branches:
Dungeon (2/15)

Altars:


Innate Abilities, Weirdness & Mutations

You are immune to sickness and miasma.
Your stone body is resilient. (AC +2)
You are immune to poison.
You resist negative energy. (rN+)
You are resistant to electric shocks. (rElec)
You are resistant to unholy torment.
You are immune to petrification.


Message History

The quokka bites you. The adder completely misses you.
The endoplasm hits you but does no damage.
The adder bites you but does no damage.
The quokka bites you but does no damage.
The endoplasm hits you but does no damage.
You barely miss the adder.
The adder is moderately wounded.
You block the adder's attack. The quokka closely misses you.
The endoplasm hits you but does no damage.
You closely miss the adder.
The adder is moderately wounded.
The adder closely misses you. You block the quokka's attack.
The endoplasm barely misses you. The adder bites you but does no damage.
The quokka bites you but does no damage.
You barely miss the adder.
The adder is moderately wounded.
The adder bites you but does no damage. The endoplasm freezes you.
You are frozen.
The quokka barely misses you. The adder bites you but does no damage.
The endoplasm hits you but does no damage.
The quokka closely misses you.
You hit the endoplasm.
The endoplasm is severely wounded.
The adder barely misses you. The quokka bites you. The endoplasm freezes you.
You are frozen.
The adder bites you but does no damage.
You completely miss the endoplasm.
The endoplasm is severely wounded.
The quokka barely misses you. The adder bites you but does no damage.
The endoplasm freezes you.
You are frozen.
The quokka bites you.
You slash the endoplasm!
You kill the endoplasm!
The adder bites you.
* * * LOW HITPOINT WARNING * * *
The quokka barely misses you. The adder bites you.
* * * LOW HITPOINT WARNING * * *
The quokka bites you.
You die...

......#.$.....
......#......
......#.....
......#....
..........###
##+###.
#(..$.....#
###.....#
#....S....#
..(.....#
#...r@....#
#......#.
######....#
#.....#.
#....# #......
#######....#
#.....#
#..........#
#.....#
#..........#
#.....#+
#..........##
#.......
#######..†..#
#.......
#.....#
#.####..


You could see an adder and a quokka.

Vanquished Creatures
  A dart slug (D:1)
  2 ball pythons (D:1)
  A bat (D:2)
  3 endoplasms
  3 goblins (D:1)
  A frilled lizard (D:1)
  3 kobolds (D:1)
  A rat (D:1)
15 creatures vanquished.

Notes
Turn   | Place    | Note
-------+----------+-------------------------------------------
     0 | D:1      | timneilson the Gargoyle Fighter began the quest for the
                  | Orb.
     0 | D:1      | Reached XP level 1. HP: 14/14 MP: 1/1
   149 | D:1      | Reached XP level 2. HP: 19/19 MP: 2/2
   562 | D:2      | Slain by a quokka

Illustrated notes

Levels and vault maps discovered:
D:1:      wander_arrival_lonely_grave, layout_rooms, amcnicky_mini_pool_small
D:2:      layout_basic, basic_altar, due_unseen_surprise

Skill      XL: |  1  2 |
---------------+-------+-----
Long Blades    | 2 |  2.1
Fighting       | |  3.4
Armour         | |  3.5
Dodging        | |  0.2
Shields        | |  3.5

Action                     || total
---------------------------++-------
  Melee: Long sword        ||    52
    Use: Scroll            ||     6
 Armour: Scale mail        ||    43
  Dodge: Dodged            ||    29
  Block: Buckler           ||     8

Table legend: (Time is in decaauts)
 A = Elapsed time spent in this place.
 B = Non-inter-level travel time spent in this place.
 C = Inter-level travel time spent in this place.
 D = Time resting spent in this place.
 E = Time spent auto-exploring this place.
 F = Levels seen in this place.
 G = Mean time per level.
                   A        B        C        D        E       F      G
               +--------+--------+--------+--------+--------+-----+--------+
         Total |    579 |    568 |     11 |      0 |    431 |   2 |  289.5 |
       Dungeon |    579 |    568 |     11 |      0 |    431 |   2 |  289.5 |
               +--------+--------+--------+--------+--------+-----+--------+

Top non-repeatable levels by time:
     D:1: 472 daAuts
     D:2: 107 daAuts
